 Dungeon Crawl Stone Soup version 0.24.0-123-gd5b16e6ec5 (webtiles) character file.

Game seed: 15815737032864766270, levelgen mode: deterministic

139 Curus the Spear-Bearer (level 5, -1/38 HPs)
             Began as a Merfolk Gladiator on Feb 10, 2020.
             Was an Initiate of Makhleb.
             Slain by an orc
             ... wielding a +2 short sword of draining
              (4 damage)
             ... on level 3 of the Dungeon.
             The game lasted 00:06:55 (2135 turns).

Curus the Spear-Bearer (Merfolk Gladiator)          Turns: 2135, Time: 00:06:55

Health: -1/38      AC:  4    Str: 14    XL:     5   Next: 22%
Magic:  5/5        EV: 13    Int:  7    God:    Makhleb [......]
Gold:   59         SH:  0    Dex: 17    Spells: 4/4 levels left

rFire    . . .     SeeInvis .   a - +2 trident
rCold    . . .     Gourm    .   (no shield)
rNeg     . . .     Faith    .   b - +0 leather armour
rPois    .         Spirit   .   c - +0 helmet
rElec    .         Reflect  .   (no cloak)
rCorr    .         Harm     .   (no gloves)
MR       +....                  (no boots)
Stlth    +.........             (no amulet)
HPRegen  0.12/turn              g - ring of protection from magic
MPRegen  0.09/turn              (no ring)

@: drained
A: change form in water, swift swim, stealthy swim
a: Renounce Religion


You were on level 3 of the Dungeon.
You worshipped Makhleb.
Makhleb was noncommittal.
You were very hungry.

You visited 1 branch of the dungeon, and saw 4 of its levels.

You collected 59 gold pieces.

Inventory:

Hand Weapons
 a - a +2 trident (weapon)
Missiles
 d - 3 throwing nets (quivered)
Armour
 b - a +0 leather armour (worn)
 c - a +0 helmet (worn)
Jewellery
 e - an uncursed ring of attention
 g - a ring of protection from magic (left hand)
Potions
 i - a potion of ambrosia
Comestibles
 f - 5 rations


   Skills:
 - Level 2.1(1.1) Fighting
 + Level 8.3(7.1) Polearms
 - Level 2.0(0.9) Throwing
 - Level 4.0(2.9) Dodging


You had 4 spell levels left.
You didn't know any spells.
Your spell library was empty.

Dungeon Overview and Level Annotations

Branches:
Dungeon (4/15)
 Temple: D:4-7

Altars:
Ashenzari
Cheibriados
Hepliaklqana
Makhleb
Ru
Wu Jian


Message History

You feel drained.
You closely miss the orc. The leopard gecko misses you.
The orc hits you with a +0 hand axe. The orc closely misses you.
The orc hits you with a +2 short sword of draining.
You feel drained. The leopard gecko bites you.
* * * LOW HITPOINT WARNING * * *
The orc hits you with a +0 hand axe.
* * * LOW HITPOINT WARNING * * *
The leopard gecko bites you.
* * * LOW HITPOINT WARNING * * *
The orc closely misses you. The orc misses you.
You climb upwards.
There is a stone staircase leading down here.
The leopard gecko misses you. The orc hits you with a +0 short sword.
* * * LOW HITPOINT WARNING * * *
You are feeling very hungry.
The leopard gecko closely misses you.
The orc hits you with a +2 short sword of draining.
You die...

#.........#######....#...#.....รท
#.####...## #.................
#.# #...# #.#........###.##. #.#
##### #.#............... #.#
#.#............... ###
#.###.#........... #.#
#.#.######.##. #.# #.#.######.###
####@###.#........# #
#..olo.#.#.##########
#...>o...............
#......#.#.#########.
#>.....#.#.# ## #......#.#.# #
#......#.#.##########
#......###...........
#............########


You could see 3 orcs and a leopard gecko.

Vanquished Creatures
  A worker ant (D:3)
  5 adders
  3 dart slugs
  3 leopard geckos
  3 orcs (D:4)
  A ball python (D:2)
  6 bats
  2 giant cockroaches
  4 goblins
  7 hobgoblins
  8 jackals
  A kobold (D:1)
  A quokka (D:3)
  6 frilled lizards
  A quokka skeleton (D:3)
  5 rats
57 creatures vanquished.

Notes
Turn   | Place    | Note
-------+----------+-------------------------------------------
     0 | D:1      | Curus the Merfolk Gladiator began the quest for the Orb.
     0 | D:1      | Reached XP level 1. HP: 16/16 MP: 1/1
    32 | D:1      | Reached skill level 5 in Polearms
    39 | D:1      | Reached XP level 2. HP: 13/22 MP: 2/2
   247 | D:1      | Reached skill level 6 in Polearms
   247 | D:1      | Reached XP level 3. HP: 27/27 MP: 3/3
   756 | D:2      | Reached skill level 7 in Polearms
   756 | D:2      | Reached XP level 4. HP: 15/33 MP: 4/4
  1168 | D:2      | Found a shattered altar of Ashenzari.
  1656 | D:3      | Reached skill level 8 in Polearms
  1656 | D:3      | Reached XP level 5. HP: 35/38 MP: 5/5
  1763 | D:3      | Found a sacrificial altar of Ru.
  1767 | D:3      | Found a burning altar of Makhleb.
  1768 | D:3      | Found a hazy altar of Hepliaklqana.
  1769 | D:3      | Found a snail-covered altar of Cheibriados.
  1772 | D:3      | Found an ornate altar of the Wu Jian Council.
  1787 | D:3      | Became a worshipper of Makhleb the Destroyer
  2119 | D:4      | Noticed an ogre
  2135 | D:3      | Slain by an orc

Levels and vault maps discovered:
D:1:      lordsloth_arrival_two_stooges, layout_basic
D:2:      layout_rooms, ashenzari_conservatory_becter
D:3:      layout_basic, minitemple, first_ration
D:4:      layout_rooms, minmay_temple_entry_stoned_glass

Skill      XL: |  1  2  3  4 |
---------------+-------------+-----
Polearms       | 5 6 7 8 |  8.3
Fighting       | |  2.1
Throwing       | |  2.0
Dodging        | |  4.0

Action                   |  1- 3 |  4- 6 || total
-------------------------+-------+-------++-------
Melee: Trident           |    96 |   108 ||   204
  Use: Scroll            |     4 |     6 ||    10
       Potion            |       |     5 ||     5
  Eat: Chunk             |       |     3 ||     3
Armor: Leather armour    |    24 |    20 ||    44
Dodge: Dodged            |    72 |    89 ||   161
